 Dungeon Crawl Stone Soup version 0.27-a0-1200-g94dc6ad4cf (webtiles) character file.

Game seed: 10795440859248628652

15641 EnegeticOcto the Thaumaturge (level 12, -6/91 HPs)
             Began as a Gnoll Venom Mage on May 31, 2021.
             Was a Believer of Sif Muna.
             Killed by divine providence
             ... invoked by Saint Roka
              (15 damage)
             ... on level 2 of the Orcish Mines.
             The game lasted 00:18:55 (1922 turns).

EnegeticOcto the Thaumaturge (Gnoll Venom Mage)     Turns: 1922, Time: 00:18:56

Health: -6/91      AC: 12    Str:  8    XL:     12   Next: 29%
Magic:  11/22      EV: 14    Int: 20    God:    Sif Muna [**....]
Gold:   566        SH: 11    Dex: 12    Spells: 11/28 levels left

rFire    . . .     SeeInvis .   i - +4 flail (freeze)
rCold    . . .     Faith    .   B - +1 buckler {rN+}
rNeg     + . .     Spirit   .   D - +0 troll leather armour
rPois    .         Reflect  +   (helmet restricted)
rElec    .         Harm     .   (no cloak)
rCorr    .         Rampage  .   h - +2 pair of gloves
Will     .....                  (no boots)
Stlth    ++++......             r - amulet of reflection
HPRegen  1.25/turn              u - +4 ring of protection
MPRegen  0.18/turn              (no ring)

@: unable to read, channeling
A: fangs 1, strong nose, distributed training, antennae 1, low mp 1, inability
to read while threatened
a: Renounce Religion, Channel Magic


You were on level 2 of the Orcish Mines.
You worshipped Sif Muna.
Sif Muna was pleased with you.
You visited 3 branches of the dungeon, and saw 13 of its levels.

You collected 566 gold pieces.

Inventory:

Hand Weapons
 i - a +4 flail of freezing (weapon)
   (You took it off an orc on level 5 of the Dungeon)
 q - a +0 triple sword
   (You found it on level 6 of the Dungeon)
 x - the +3 lajatang of Royalism {vorpal, SInv}
   (You found it on level 10 of the Dungeon)

   It inflicts extra damage upon your enemies.
   It lets you see invisible.
 y - a +4 dagger of chaos
   (You took it off Psyche on level 10 of the Dungeon)
Missiles
 k - 25 poisoned darts
 t - 6 atropa-tipped darts (quivered)
 w - 28 boomerangs
Armour
 a - a +1 robe
 b - a +0 kite shield
   (You found it on level 5 of the Dungeon)
 h - a +2 pair of gloves (worn)
   (You found it on level 5 of the Dungeon)
 o - a +3 ring mail of willpower
   (You took it off an orc on level 6 of the Dungeon)
 s - a +2 robe of willpower
   (You found it on level 7 of the Dungeon)
 B - a +1 buckler of positive energy (worn)
   (You took it off a tengu warrior on level 9 of the Dungeon)
 C - a +1 ring mail of poison resistance
   (You took it off a tengu warrior on level 9 of the Dungeon)
 D - a +0 troll leather armour (worn)
   (You found it on level 1 of the Orcish Mines)
Jewellery
 r - an amulet of reflection (around neck)
   (You found it on level 7 of the Dungeon)
 u - a +4 ring of protection (left hand)
   (You found it on level 10 of the Dungeon)
Wands
 A - a wand of iceblast (7) {@v2}
   (You found it on level 10 of the Dungeon)
Scrolls
 c - a scroll of teleportation {@r3 !r}
 d - a scroll of noise
 n - 3 scrolls of magic mapping {@r5 !r}
Potions
 f - a potion of magic
 j - 2 potions of degeneration {unknown}
 l - a potion of curing {@q1 !q}
 m - a potion of cancellation
 p - a potion of brilliance {unknown}
 v - a potion of lignification {@q6}
 z - a potion of haste {@q4 !q}


   Skills:
 + Level 7.1 Fighting
 + Level 7.1 Short Blades
 + Level 7.1 Long Blades
 + Level 7.1 Axes
 + Level 7.1 Maces & Flails
 + Level 7.1 Polearms
 + Level 7.1 Staves
 + Level 7.1 Slings
 + Level 7.1 Bows
 + Level 7.1 Crossbows
 + Level 7.1 Throwing
 + Level 7.1 Armour
 + Level 8.6 Dodging
 + Level 8.3 Stealth
 + Level 7.1 Shields
 + Level 7.1 Unarmed Combat
 + Level 8.8 Spellcasting
 + Level 5.9 Conjurations
 + Level 5.9 Hexes
 + Level 5.9 Summonings
 + Level 5.9 Necromancy
 + Level 5.9 Translocations
 + Level 6.3 Transmutations
 + Level 5.9 Fire Magic
 + Level 5.9 Ice Magic
 + Level 5.9 Air Magic
 + Level 5.9 Earth Magic
 + Level 8.2 Poison Magic
 + Level 7.8 Invocations
 + Level 7.1 Evocations


You had 11 spell levels left.
You knew the following spells:

 Your Spells              Type           Power      Damage    Failure   Level
a - Sting                 Tmut/Pois      100%       1d8       1%          1
b - Poisonous Vapours     Pois/Air       74%        N/A       1%          2
c - Olgreb's Toxic Radia  Pois           41%        N/A       3%          4
d - Mephitic Cloud        Conj/Pois/Air  35%        N/A       1%          3
e - Ignite Poison         Fire/Tmut/Pois 36%        N/A       1%          3
f - Summon Ice Beast      Ice/Summ       32%        N/A       9%          4

Your spell library contained the following spells:

 Spells                   Type           Power      Damage    Failure   Level
 Corona                   Hex            35%        N/A       1%          1
 Freeze                   Ice            100%       1d11      1%          1
 Shock                    Conj/Air       100%       1d9       1%          1
 Summon Small Mammal      Summ           100%       N/A       1%          1
 Call Imp                 Summ           32%        N/A       1%          2
 Slow                     Hex            32%        N/A       1%          2
 Static Discharge         Conj/Air       32%        N/A       1%          2
 Call Canine Familiar     Summ           32%        N/A       2%          3
 Frozen Ramparts          Ice            64%        1d8       2%          3
 Inner Flame              Hex/Fire       32%        N/A       2%          3
 Ozocubu's Armour         Ice            32%        N/A       2%          3
 Portal Projectile        Hex/Tloc       64%        N/A       2%          3
 Summon Guardian Golem    Hex/Summ       32%        N/A       2%          3
 Swiftness                Air            32%        N/A       2%          3
 Airstrike                Air            16%        N/A       9%          4
 Cause Fear               Hex            16%        N/A       9%          4
 Hailstorm                Conj/Ice       32%        3d8       9%          4
 Leda's Liquefaction      Hex/Erth       16%        N/A       9%          4
 Summon Lightning Spire   Summ/Air       32%        N/A       9%          4
 Lightning Bolt           Conj/Air       16%        1d30      26%         5
 Metabolic Englaciation   Hex/Ice        16%        N/A       26%         5
 Ignition                 Fire           16%        3d6       100%        8
 Shatter                  Erth           16%        3d15*     100%        9
 Tornado                  Air            16%        N/A       100%        9


Dungeon Overview and Level Annotations

Branches:
Dungeon (10/15)            Temple (1/1) D:5             Orc (2/2) D:9
   Lair: D:8-11         Elf: Orc:2

Altars:
Ashenzari
Dithmenos
Elyvilon
Hepliaklqana
Kikubaaqudgha
Okawaru
Qazlal
Ru
Sif Muna
Uskayaw
Vehumet
Wu Jian
Xom
Yredelemnul
Zin
The Shining One

Shops:
D:5 ?   D:7 (!

Annotations:
Orc:2 Saint Roka


Innate Abilities, Weirdness & Mutations

You have very sharp teeth.
Your uncanny sense of smell can sniff out nearby items.
Your experience applies equally to all skills.
You have a pair of small antennae on your head.
Your magical capacity is low. (-10% MP)
You sometimes lose the ability to read scrolls when taking damage.


Message History

Casting: Ignite Poison (safe; 1% risk of failure)
Confirm with . or Enter, or press ? or * to list all spells.
A chill wind blows around you.
You feel less invigorated.
You can read scrolls again.
The warg closely misses you. You block the warg's attack.
An orc priest comes into view. It is wielding a +0 short sword.
Your ice beast hits the orc.
Your ice beast freezes the orc!
The orc dies!
Sif Muna accepts your kill.
An orc warrior, 2 orc sorcerers and Saint Roka come into view.
Saint Roka is wielding a +0 great sword of holy wrath and wearing a +2 chain mail of willpower.
An orc sorcerer is wielding a +0 dagger and wearing a +2 robe of fire resistance.
An orc sorcerer is wielding a +0 dagger and wearing a +0 robe of fire resistance.
Saint Roka shouts!
The orc sorcerer shouts!
The orc warrior shouts!
The orc priest invokes the aid of Beogh against you.
Beogh smites you!
Okay, then.
Casting: Summon Ice Beast (dangerous; 10% risk of failure)
Confirm with . or Enter, or press ? or * to list all spells.
You begin to radiate toxic energy.
Saint Roka is poisoned.
The orc sorcerer is poisoned. x2; The orc warrior is poisoned.
The orc priest is poisoned.
Saint Roka looks even sicker.
The orc sorcerer looks even sicker.
You block the warg's attack. The warg barely misses you.
Saint Roka invokes the aid of Beogh against you.
Beogh smites you!
You feel threatened and lose the ability to read scrolls!
You hear a shout! x2
The orc sorcerer looks even sicker.
The orc warrior looks even sicker.
You can read scrolls again.
You hear a shout!
The orc priest invokes the aid of Beogh against you.
Beogh smites you!
You feel threatened and lose the ability to read scrolls!
Saint Roka roars a battlecry!
The orcs go into a battle-frenzy!
Your ice beast hits the warg.
Your ice beast freezes the warg!
Casting: Olgreb's Toxic Radiance (dangerous; 3% risk of failure)
Confirm with . or Enter, or press ? or * to list all spells.
You ignite the poison in your surroundings!
The orc priest seems to burn from within!
You kill the orc priest!
Sif Muna accepts your kill.
The orc sorcerer seems to burn from within!!
You kill the orc sorcerer!
Sif Muna accepts your kill.
Saint Roka seems to burn from within!!
Saint Roka is lightly wounded.
The orc sorcerer seems to burn from within!
The orc sorcerer is heavily wounded.
The orc warrior seems to burn from within!!!
You kill the orc warrior!
Sif Muna accepts your kill.
Saint Roka is poisoned.
The orc sorcerer is poisoned.
The orc warrior is poisoned.
Your toxic aura wanes.
The warg completely misses your ice beast.
Saint Roka invokes the aid of Beogh against you.
Beogh smites you!
Your ice beast hits the warg but does no damage.
Casting: Ignite Poison (safe; 1% risk of failure)
Confirm with . or Enter, or press ? or * to list all spells.
You begin to radiate toxic energy.
Saint Roka looks even sicker.
The orc priest is poisoned.
The orc sorcerer looks even sicker.
The orc warrior looks even sicker.
Saint Roka looks even sicker.
The orc sorcerer looks even sicker.
The warg bites your ice beast!
An ogre comes into view. It is wielding a +0 giant spiked club.
Saint Roka invokes the aid of Beogh against you.
Beogh smites you!
* * * LOW HITPOINT WARNING * * *
The warg bites your ice beast!
Your ice beast hits the warg but does no damage.
Casting: Olgreb's Toxic Radiance (dangerous; 3% risk of failure)
Confirm with . or Enter, or press ? or * to list all spells.
You ignite the poison in your surroundings!
The orc sorcerer seems to burn from within!!
You kill the orc sorcerer!
Sif Muna accepts your kill.
The orc warrior seems to burn from within!!
The orc warrior is almost dead.
Saint Roka seems to burn from within!!!
Saint Roka is heavily wounded.
The orc priest seems to burn from within!
The orc priest is severely wounded.
Saint Roka is poisoned.
The orc priest is poisoned.
The ogre is poisoned.
The orc warrior is poisoned.
Your toxic aura wanes.
An orc priest comes into view. It is wielding a +0 mace.
The warg bites your ice beast but does no damage.
Saint Roka roars a battlecry!
Your ice beast hits the warg but does no damage.
You hear a shout!
You kill the orc priest!
Sif Muna accepts your kill.
The orc priest invokes the aid of Beogh against you.
Beogh smites you!
* * * LOW HITPOINT WARNING * * *
The warg bites you but does no damage.
Saint Roka mumbles some strange prayers to Beogh against you.
Beogh smites you!
You die...

.........# ##....o
####.....###....)# ####
###......#.##..Oo# ...#
................)# ...#
......#.........)# )).#
.......#........o# )..
...##.#.......).)###)###.#
...#...#........Yhhh.))o.#
.####........#..@###)##..#
.. ##............# ))#
..##.............# .ยง# ..
##............# ..#
#............######
##..............
###............
###..)..#.### ####.....#


You could see Saint Roka (poisoned), 3 wargs, an orc warrior (strong, poisoned),
an ogre (poisoned), an orc priest and a friendly ice beast (summoned).

Vanquished Creatures
  Jorgrun (Orc:2)
  Donald (Orc:2)
  Erolcha (Orc:1)
  An ogre mage (Orc:1)
  A tengu warrior (D:9)
  4 two-headed ogres
  3 orc high priests
  An orc knight (Orc:1)
  2 orc sorcerers (Orc:2)
  A cyclops (Orc:2)
  A manticore (D:9)
  Psyche (D:10)
  2 trolls
  A wyvern (D:10)
  4 yaks (D:9)
  10 orc warriors
  An ice beast (D:6)
  5 ogres
  2 centaurs
  A bullfrog (D:8)
  A kobold brigand (D:8)
  A wyvern skeleton (D:6)
  2 jellies (D:6)
  2 hounds
  16 orc priests
  2 iguanas (D:5)
  10 orc wizards
  A shadow imp (D:6)
  30 orcs
  A hobgoblin (D:4)
  3 jackals (D:5)
  A ball python (D:1)
  3 kobolds (D:8)
  2 rats
119 creatures vanquished.

Vanquished Creatures (collateral kills)
  A warg (Orc:1)
  An orc (Orc:2)
2 creatures vanquished.

Vanquished Creatures (others)
  An orc wizard (D:7)
1 creature vanquished.

Grand Total: 122 creatures vanquished

Notes
Turn   | Place    | Note
-------+----------+-------------------------------------------
     0 | D:1      | EnegeticOcto the Gnoll Venom Mage began the quest for the
                  | Orb.
     0 | D:1      | Reached XP level 1. HP: 13/13 MP: 6/6
   120 | D:5      | Entered Level 5 of the Dungeon
   120 | D:5      | Noticed a hound
   126 | D:5      | Killed a hound
   127 | D:5      | Reached skill level 5 in Spellcasting
   127 | D:5      | Reached skill level 2 in Transmutations
   127 | D:5      | Reached XP level 2. HP: 9/20 MP: 0/8
   127 | D:5      | Reached XP level 3. HP: 11/25 MP: 0/9
   141 | D:5      | Found Olustan's Magic Scroll Shop.
   171 | D:5      | Reached skill level 1 in Fighting
   171 | D:5      | Reached skill level 1 in Short Blades
   171 | D:5      | Reached skill level 1 in Long Blades
   171 | D:5      | Reached skill level 1 in Axes
   171 | D:5      | Reached skill level 1 in Maces & Flails
   171 | D:5      | Reached skill level 1 in Polearms
   171 | D:5      | Reached skill level 1 in Staves
   171 | D:5      | Reached skill level 1 in Slings
   171 | D:5      | Reached skill level 1 in Bows
   171 | D:5      | Reached skill level 1 in Crossbows
   171 | D:5      | Reached skill level 1 in Throwing
   171 | D:5      | Reached skill level 1 in Armour
   171 | D:5      | Reached skill level 1 in Shields
   171 | D:5      | Reached skill level 1 in Unarmed Combat
   171 | D:5      | Reached skill level 1 in Invocations
   171 | D:5      | Reached skill level 1 in Evocations
   171 | D:5      | Reached XP level 4. HP: 19/32 MP: 2/11
   179 | D:5      | Learned a level 2 spell: Poisonous Vapours
   184 | D:5      | Learned a level 4 spell: Olgreb's Toxic Radiance
   188 | D:5      | Learned a level 3 spell: Mephitic Cloud
   192 | D:5      | Learned a level 3 spell: Ignite Poison
   222 | D:5      | Reached skill level 1 in Conjurations
   222 | D:5      | Reached skill level 1 in Hexes
   222 | D:5      | Reached skill level 1 in Summonings
   222 | D:5      | Reached skill level 1 in Necromancy
   222 | D:5      | Reached skill level 1 in Translocations
   222 | D:5      | Reached skill level 1 in Fire Magic
   222 | D:5      | Reached skill level 1 in Ice Magic
   222 | D:5      | Reached skill level 1 in Air Magic
   222 | D:5      | Reached skill level 1 in Earth Magic
   245 | D:5      | Reached XP level 5. HP: 24/37 MP: 1/12
   260 | D:5      | Found a staircase to the Ecumenical Temple.
   272 | Temple   | Entered the Ecumenical Temple
   322 | Temple   | Became a worshipper of Sif Muna the Loreminder
   357 | D:5      | Noticed a water moccasin
   548 | D:6      | Noticed an ice beast
   570 | D:6      | Killed an ice beast
   571 | D:6      | Reached skill level 5 in Dodging
   571 | D:6      | Reached skill level 2 in Invocations
   571 | D:6      | Reached XP level 6. HP: 16/44 MP: 14/14
   575 | D:6      | Reached skill level 2 in Fighting
   575 | D:6      | Reached skill level 2 in Short Blades
   575 | D:6      | Reached skill level 2 in Long Blades
   575 | D:6      | Reached skill level 2 in Axes
   575 | D:6      | Reached skill level 2 in Maces & Flails
   575 | D:6      | Reached skill level 2 in Polearms
   575 | D:6      | Reached skill level 2 in Staves
   575 | D:6      | Reached skill level 2 in Slings
   575 | D:6      | Reached skill level 2 in Bows
   575 | D:6      | Reached skill level 2 in Crossbows
   575 | D:6      | Reached skill level 2 in Throwing
   575 | D:6      | Reached skill level 2 in Armour
   575 | D:6      | Reached skill level 2 in Shields
   575 | D:6      | Reached skill level 2 in Unarmed Combat
   575 | D:6      | Reached skill level 2 in Evocations
   586 | D:6      | Reached XP level 7. HP: 12/50 MP: 7/15
   620 | D:5      | Learned a level 4 spell: Summon Ice Beast
   734 | D:7      | Found Joculie's Antique Weapon Emporium.
   806 | D:7      | Reached skill level 2 in Conjurations
   806 | D:7      | Reached skill level 2 in Hexes
   806 | D:7      | Reached skill level 2 in Summonings
   806 | D:7      | Reached skill level 2 in Necromancy
   806 | D:7      | Reached skill level 2 in Translocations
   806 | D:7      | Reached skill level 2 in Fire Magic
   806 | D:7      | Reached skill level 2 in Ice Magic
   806 | D:7      | Reached skill level 2 in Air Magic
   806 | D:7      | Reached skill level 2 in Earth Magic
   807 | D:7      | Reached skill level 3 in Transmutations
   808 | D:7      | Reached * piety under Sif Muna
   809 | D:7      | Reached skill level 5 in Stealth
   822 | D:7      | Reached skill level 3 in Invocations
   917 | D:8      | Reached skill level 6 in Poison Magic
   917 | D:8      | Reached XP level 8. HP: 29/57 MP: 6/16
   956 | D:7      | Found Qaosiy's Distillery.
   999 | D:8      | Reached skill level 3 in Fighting
   999 | D:8      | Reached skill level 3 in Short Blades
   999 | D:8      | Reached skill level 3 in Long Blades
   999 | D:8      | Reached skill level 3 in Axes
   999 | D:8      | Reached skill level 3 in Maces & Flails
   999 | D:8      | Reached skill level 3 in Polearms
   999 | D:8      | Reached skill level 3 in Staves
   999 | D:8      | Reached skill level 3 in Slings
   999 | D:8      | Reached skill level 3 in Bows
   999 | D:8      | Reached skill level 3 in Crossbows
   999 | D:8      | Reached skill level 3 in Throwing
   999 | D:8      | Reached skill level 3 in Armour
   999 | D:8      | Reached skill level 3 in Shields
   999 | D:8      | Reached skill level 3 in Unarmed Combat
   999 | D:8      | Reached skill level 3 in Evocations
  1054 | D:10     | Entered Level 10 of the Dungeon
  1083 | D:10     | Found a broken altar of Ashenzari.
  1084 | D:10     | Noticed a troll
  1089 | D:10     | Killed a troll
  1090 | D:10     | Reached skill level 6 in Spellcasting
  1104 | D:9      | Found a staircase to the Orcish Mines.
  1104 | D:9      | Noticed a yak
  1104 | D:9      | Noticed a yak
  1104 | D:9      | Noticed a yak
  1104 | D:9      | Noticed a yak
  1105 | D:9      | Noticed a manticore
  1112 | D:9      | Killed a yak
  1112 | D:9      | Killed a yak
  1112 | D:9      | Killed a yak
  1112 | D:9      | Killed a yak
  1112 | D:9      | Killed a manticore
  1113 | D:9      | Reached skill level 4 in Fighting
  1113 | D:9      | Reached skill level 4 in Short Blades
  1113 | D:9      | Reached skill level 4 in Long Blades
  1113 | D:9      | Reached skill level 4 in Axes
  1113 | D:9      | Reached skill level 4 in Maces & Flails
  1113 | D:9      | Reached skill level 4 in Polearms
  1113 | D:9      | Reached skill level 4 in Staves
  1113 | D:9      | Reached skill level 4 in Slings
  1113 | D:9      | Reached skill level 4 in Bows
  1113 | D:9      | Reached skill level 4 in Crossbows
  1113 | D:9      | Reached skill level 4 in Throwing
  1113 | D:9      | Reached skill level 4 in Armour
  1113 | D:9      | Reached skill level 6 in Dodging
  1113 | D:9      | Reached skill level 4 in Shields
  1113 | D:9      | Reached skill level 4 in Unarmed Combat
  1113 | D:9      | Reached skill level 3 in Conjurations
  1113 | D:9      | Reached skill level 3 in Hexes
  1113 | D:9      | Reached skill level 3 in Summonings
  1113 | D:9      | Reached skill level 3 in Necromancy
  1113 | D:9      | Reached skill level 3 in Translocations
  1113 | D:9      | Reached skill level 4 in Transmutations
  1113 | D:9      | Reached skill level 3 in Fire Magic
  1113 | D:9      | Reached skill level 3 in Ice Magic
  1113 | D:9      | Reached skill level 3 in Air Magic
  1113 | D:9      | Reached skill level 3 in Earth Magic
  1113 | D:9      | Reached skill level 4 in Invocations
  1113 | D:9      | Reached skill level 4 in Evocations
  1113 | D:9      | Reached XP level 9. HP: 38/65 MP: 10/18
  1140 | D:9      | Noticed a tengu warrior
  1181 | D:10     | Noticed a two-headed ogre
  1215 | D:10     | Killed a two-headed ogre
  1216 | D:10     | Reached skill level 6 in Stealth
  1302 | D:10     | Reached skill level 5 in Invocations
  1350 | D:10     | Identified the +3 lajatang of Royalism {vorpal, SInv}
  1359 | D:10     | Noticed Psyche
  1366 | D:10     | Killed Psyche
  1431 | D:9      | Killed a tengu warrior
  1432 | D:9      | Reached skill level 5 in Fighting
  1432 | D:9      | Reached skill level 5 in Short Blades
  1432 | D:9      | Reached skill level 5 in Long Blades
  1432 | D:9      | Reached skill level 5 in Axes
  1432 | D:9      | Reached skill level 5 in Maces & Flails
  1432 | D:9      | Reached skill level 5 in Polearms
  1432 | D:9      | Reached skill level 5 in Staves
  1432 | D:9      | Reached skill level 5 in Slings
  1432 | D:9      | Reached skill level 5 in Bows
  1432 | D:9      | Reached skill level 5 in Crossbows
  1432 | D:9      | Reached skill level 5 in Throwing
  1432 | D:9      | Reached skill level 5 in Armour
  1432 | D:9      | Reached skill level 5 in Shields
  1432 | D:9      | Reached skill level 5 in Unarmed Combat
  1432 | D:9      | Reached skill level 7 in Spellcasting
  1432 | D:9      | Reached skill level 4 in Conjurations
  1432 | D:9      | Reached skill level 4 in Hexes
  1432 | D:9      | Reached skill level 4 in Summonings
  1432 | D:9      | Reached skill level 4 in Necromancy
  1432 | D:9      | Reached skill level 4 in Translocations
  1432 | D:9      | Reached skill level 4 in Fire Magic
  1432 | D:9      | Reached skill level 4 in Ice Magic
  1432 | D:9      | Reached skill level 4 in Air Magic
  1432 | D:9      | Reached skill level 4 in Earth Magic
  1432 | D:9      | Reached skill level 5 in Evocations
  1432 | D:9      | Reached XP level 10. HP: 54/74 MP: 14/20
  1462 | Orc:1    | Entered Level 1 of the Orcish Mines
  1462 | Orc:1    | Noticed an orc high priest
  1466 | Orc:1    | Killed an orc high priest
  1467 | Orc:1    | Reached skill level 7 in Dodging
  1467 | Orc:1    | Reached skill level 7 in Poison Magic
  1469 | Orc:1    | Noticed a two-headed ogre
  1473 | Orc:1    | Noticed a two-headed ogre
  1473 | Orc:1    | Noticed a two-headed ogre
  1478 | Orc:1    | Killed a two-headed ogre
  1479 | Orc:1    | Reached skill level 7 in Stealth
  1479 | Orc:1    | Reached skill level 5 in Transmutations
  1479 | Orc:1    | Reached skill level 6 in Invocations
  1482 | Orc:1    | Killed a two-headed ogre
  1482 | Orc:1    | Killed a two-headed ogre
  1483 | Orc:1    | Reached XP level 11. HP: 58/81 MP: 5/22
  1483 | Orc:1    | Noticed an ogre mage
  1488 | Orc:1    | Killed an ogre mage
  1489 | Orc:1    | Reached skill level 6 in Fighting
  1489 | Orc:1    | Reached skill level 6 in Short Blades
  1489 | Orc:1    | Reached skill level 6 in Long Blades
  1489 | Orc:1    | Reached skill level 6 in Axes
  1489 | Orc:1    | Reached skill level 6 in Maces & Flails
  1489 | Orc:1    | Reached skill level 6 in Polearms
  1489 | Orc:1    | Reached skill level 6 in Staves
  1489 | Orc:1    | Reached skill level 6 in Slings
  1489 | Orc:1    | Reached skill level 6 in Bows
  1489 | Orc:1    | Reached skill level 6 in Crossbows
  1489 | Orc:1    | Reached skill level 6 in Throwing
  1489 | Orc:1    | Reached skill level 6 in Armour
  1489 | Orc:1    | Reached skill level 6 in Shields
  1489 | Orc:1    | Reached skill level 6 in Unarmed Combat
  1489 | Orc:1    | Reached skill level 5 in Conjurations
  1489 | Orc:1    | Reached skill level 5 in Hexes
  1489 | Orc:1    | Reached skill level 5 in Summonings
  1489 | Orc:1    | Reached skill level 5 in Necromancy
  1489 | Orc:1    | Reached skill level 5 in Translocations
  1489 | Orc:1    | Reached skill level 5 in Fire Magic
  1489 | Orc:1    | Reached skill level 5 in Ice Magic
  1489 | Orc:1    | Reached skill level 5 in Air Magic
  1489 | Orc:1    | Reached skill level 5 in Earth Magic
  1489 | Orc:1    | Reached skill level 6 in Evocations
  1548 | Orc:1    | Noticed Erolcha
  1555 | Orc:1    | Killed Erolcha
  1556 | Orc:1    | Reached skill level 8 in Spellcasting
  1661 | Orc:1    | Noticed an orc knight
  1663 | Orc:1    | Reached ** piety under Sif Muna
  1665 | Orc:1    | Killed an orc knight
  1687 | Orc:2    | Entered Level 2 of the Orcish Mines
  1715 | Orc:2    | Noticed Jorgrun
  1721 | Orc:2    | HP: 2/81 [Jorgrun/iron shot (42)]
  1725 | Orc:2    | Gained mutation: Your magical capacity is low. (-10% MP)
                  | [potion of mutation]
  1725 | Orc:2    | Gained mutation: You sometimes lose the ability to read
                  | scrolls when taking damage. [potion of mutation]
  1725 | Orc:2    | Gained mutation: You have a pair of small antennae on your
                  | head. [potion of mutation]
  1728 | Orc:2    | Killed Jorgrun
  1729 | Orc:2    | Reached skill level 8 in Dodging
  1729 | Orc:2    | Reached skill level 7 in Invocations
  1833 | Orc:2    | Noticed a cyclops
  1836 | Orc:2    | Killed a cyclops
  1836 | Orc:2    | Noticed Donald
  1837 | Orc:2    | Reached skill level 6 in Transmutations
  1840 | Orc:2    | Killed Donald
  1841 | Orc:2    | Reached skill level 8 in Stealth
  1841 | Orc:2    | Reached skill level 8 in Poison Magic
  1841 | Orc:2    | Reached XP level 12. HP: 89/89 MP: 0/22
  1851 | Orc:1    | Noticed an orc high priest
  1903 | Orc:2    | Noticed an orc high priest
  1907 | Orc:2    | Noticed an orc high priest
  1912 | Orc:2    | Killed an orc high priest
  1912 | Orc:2    | Killed an orc high priest
  1913 | Orc:2    | Reached skill level 7 in Fighting
  1913 | Orc:2    | Reached skill level 7 in Short Blades
  1913 | Orc:2    | Reached skill level 7 in Long Blades
  1913 | Orc:2    | Reached skill level 7 in Axes
  1913 | Orc:2    | Reached skill level 7 in Maces & Flails
  1913 | Orc:2    | Reached skill level 7 in Polearms
  1913 | Orc:2    | Reached skill level 7 in Staves
  1913 | Orc:2    | Reached skill level 7 in Slings
  1913 | Orc:2    | Reached skill level 7 in Bows
  1913 | Orc:2    | Reached skill level 7 in Crossbows
  1913 | Orc:2    | Reached skill level 7 in Throwing
  1913 | Orc:2    | Reached skill level 7 in Armour
  1913 | Orc:2    | Reached skill level 7 in Shields
  1913 | Orc:2    | Reached skill level 7 in Unarmed Combat
  1913 | Orc:2    | Reached skill level 7 in Evocations
  1916 | Orc:2    | Noticed Saint Roka
  1922 | Orc:2    | Killed from afar by Saint Roka

Illustrated notes

Levels and vault maps discovered:
D:1:      minmay_arrival_five_plusses, layout_rooms,
          hellmonk_ecumenical_altar_slurped_away, serial_bayou_lake_a
D:2:      layout_basic, basic_altar
D:3:      layout_loops_ring, minmay_diced_spiral
D:4:      layout_basic, chequers_temple_overflow_statue_of_worship, uniq_ijyb
D:5:      layout_rooms, marbit_many_paths, temple_fountains, serial_shops,
          shop_fountains, minivault_14
D:6:      layout_basic, kennysheep_generic_room_7
D:7:      layout_loops_ring, ebering_ghost_gozag, serial_shops, shop,
          shop_statue, shop, nicolae_shop_trees, shop, serial_undead,
          serial_undead_a, serial_undead_d, serial_undead_e, serial_undead_e,
          minmay_a_box_with_orc_wizards_in_it, uniq_menkaure
D:8:      layout_basic, dk_noncrumbling_3, serial_park_tiny_pond
D:9:      mumra_celtic_spiral_tile, layout_basic, lair_entry_dummy,
          lightli_church_of_beogh
D:10:     layout_irregular_city, nicolae_ashenzari_skybound, uniq_psyche
Temple:   nicolae_temple_elliptical
Orc:1:    layout_caves, uniq_erolcha
Orc:2:    st_orc_town, layout_diamond_mine, serial_shops, shop, uniq_saint_roka,
          uniq_jorgrun, uniq_donald

Skill      XL: |  1  2  3  4  5  6  7  8  9 10 11 12 |
---------------+-------------------------------------+-----
Spellcasting   | 5 6 7 8 |  8.8
Transmutations | 2 3 4 5 6 |  6.3
Fighting       | 1 2 4 5 6 7 |  7.1
Short Blades   | 1 2 4 5 6 7 |  7.1
Long Blades    | 1 2 4 5 6 7 |  7.1
Axes           | 1 2 4 5 6 7 |  7.1
Maces & Flails | 1 2 4 5 6 7 |  7.1
Polearms       | 1 2 4 5 6 7 |  7.1
Staves         | 1 2 4 5 6 7 |  7.1
Slings         | 1 2 4 5 6 7 |  7.1
Bows           | 1 2 4 5 6 7 |  7.1
Crossbows      | 1 2 4 5 6 7 |  7.1
Throwing       | 1 2 4 5 6 7 |  7.1
Armour         | 1 2 4 5 6 7 |  7.1
Shields        | 1 2 4 5 6 7 |  7.1
Unarmed Combat | 1 2 4 5 6 7 |  7.1
Invocations    | 1 2 3 4 5 6 7 |  7.8
Evocations     | 1 2 4 5 6 7 |  7.1
Conjurations   | 1 2 3 4 5 |  5.9
Hexes          | 1 2 3 4 5 |  5.9
Summonings     | 1 2 3 4 5 |  5.9
Necromancy     | 1 2 3 4 5 |  5.9
Translocations | 1 2 3 4 5 |  5.9
Fire Magic     | 1 2 3 4 5 |  5.9
Ice Magic      | 1 2 3 4 5 |  5.9
Air Magic      | 1 2 3 4 5 |  5.9
Earth Magic    | 1 2 3 4 5 |  5.9
Dodging        | 5 6 7 8 |  8.6
Stealth        | 5 6 7 8 |  8.3
Poison Magic   | 6 7 8 |  8.2

Action                   |  1- 3 |  4- 6 |  7- 9 | 10-12 || total
-------------------------+-------+-------+-------+-------++-------
Melee: Flail             |     3 |    34 |    40 |    19 ||    96
       Bite              |       |     6 |     4 |       ||    10
       Dagger            |       |       |       |     4 ||     4
Throw: Dart              |       |       |       |     1 ||     1
 Cast: Sting             |    12 |     9 |     2 |       ||    23
       Poisonous Vapours |       |     5 |    13 |    11 ||    29
       Olgreb's Toxic Ra |       |     1 |    12 |    23 ||    36
       Ignite Poison     |       |     1 |     6 |    17 ||    24
       Mephitic Cloud    |       |       |     1 |     3 ||     4
       Summon Ice Beast  |       |       |     1 |     3 ||     4
Invok: Channel Magic     |       |       |     2 |     7 ||     9
Evoke: Wand              |       |       |     4 |     1 ||     5
  Use: Potion            |     1 |     1 |       |     3 ||     5
       Scroll            |       |     4 |     2 |     2 ||     8
 Stab: Invisible         |       |       |       |     1 ||     1
       Sleeping          |       |       |       |     1 ||     1
Armor: Skin              |     2 |       |       |       ||     2
       Robe              |       |    18 |    22 |     5 ||    45
       Troll leather arm |       |       |       |    12 ||    12
Dodge: Dodged            |     8 |    19 |    21 |    28 ||    76
Block: Other             |       |       |    14 |       ||    14
       Buckler           |       |       |       |    38 ||    38
       Reflection        |       |       |       |     3 ||     3
       Rpst.: Triple sword |       |       |     1 |       ||     1

Table legend: (Time is in decaauts)
 A = Elapsed time spent in this place.
 B = Non-inter-level travel time spent in this place.
 C = Inter-level travel time spent in this place.
 D = Time resting spent in this place.
 E = Time spent auto-exploring this place.
 F = Levels seen in this place.
 G = Mean time per level.
                   A        B        C        D        E       F      G
               +--------+--------+--------+--------+--------+-----+--------+
         Total |   2005 |   1982 |     23 |      0 |      0 |  13 |  154.2 |
       Dungeon |   1464 |   1459 |      5 |      0 |      0 |  10 |  146.4 |
        Temple |     69 |     51 |     18 |      0 |      0 |   1 |   69.0 |
  Orcish Mines |    471 |    471 |      0 |      0 |      0 |   2 |  235.5 |
               +--------+--------+--------+--------+--------+-----+--------+

Top non-repeatable levels by time:
    D:10: 360 daAuts
     D:6: 294 daAuts
   Orc:1: 290 daAuts
     D:5: 269 daAuts
   Orc:2: 180 daAuts
     D:7: 180 daAuts
     D:9: 128 daAuts
     D:8: 109 daAuts
  Temple: 69 daAuts
     D:1: 51 daAuts
     D:3: 49 daAuts
     D:4: 15 daAuts
     D:2: 7 daAuts
